 Dungeon Crawl Stone Soup version 0.30-a0-972-gf3ab3527aa (webtiles) character file.

Game seed: 5808440544279205185

6891 bearlyready the Cleaver (level 10, -2/118 HPs)
             Began as an Armataur Berserker on Apr 1, 2023.
             Was a High Priest of Trog.
             Slain by a gnoll sergeant
             ... wielding a +0 glaive
              (8 damage)
             ... in a bailey.
             The game lasted 00:12:29 (8009 turns).

bearlyready the Cleaver (Armataur Berserker)        Turns: 8009, Time: 00:12:29

Health: -2/118     AC: 16    Str: 26    XL:     10   Next: 79%
Magic:  0/10       EV:  8    Int:  8    God:    Trog [*****.]
Gold:   294        SH:  0    Dex: 16    Spells: 9/9 levels left

rFire   + . .      SeeInvis .    S - +0 battleaxe
rCold   . . .      Faith    .    (shield currently unavailable)
rNeg    . . .      Spirit   +    Q - +5 scale mail of Subjectivity {rF+ Regen+}
rPois   +          Reflect  .    x - +1 hat
rElec   .          Roll     +    h - +1 cloak {rPois}
rCorr   .                        I - +1 pair of gloves
Will    .....                    (no barding) Stlth
                                 U - amulet of guardian spirit
HPRegen 1.19/turn                o - +6 ring of dexterity
MPRegen 0.12/turn                t - ring of flight

@: berserking, weakened, flying, very quick
A: large, rugged brown scales 3, deformed body, armoured tail, roll, long
tongue, awkward tongue
a: Renounce Religion, Berserk, Trog's Hand, Brothers in Arms


You were in a bailey.
You worshipped Trog.
Trog was extremely pleased with you.
You visited 1 branch of the dungeon, and saw 10 of its levels.
You also visited: Ossuary and Bailey.

You collected 482 gold pieces.
You spent 188 gold pieces at shops.

Inventory:

Hand Weapons
 a - a +0 hand axe
 C - a +0 war axe
 K - a +2 antimagic hand axe
 M - the +6 quarterstaff of Drought {heavy, rPois MP+9 SInv}
   (You found it on level 6 of the Dungeon)

   rPois:     It protects you from poison.
   MP:        It affects your magic capacity (+9).
   SInv:      It lets you see invisible.
 S - a +0 battleaxe (weapon)
 X - a +3 trident
Missiles
 b - 34 poisoned darts (quivered)
 d - a throwing net
 i - 94 stones
 p - 8 boomerangs
 A - 8 atropa-tipped darts
 O - 2 curare-tipped darts
Armour
 g - a +0 scale mail
 h - a +1 cloak of poison resistance (worn)
 x - a +1 hat (worn)
 H - a +2 cloak
 I - a +1 pair of gloves (worn)
 Q - the +5 scale mail of Subjectivity (worn) {rF+ Regen+}
   (You found it on level 6 of the Dungeon)

   rF:        It protects you from fire.
   Regen:     It increases your rate of health regeneration.
 R - the +3 leather armour of the Eternal Fruit {rF+ Dex+2}
   (You found it on level 7 of the Dungeon)

   Dex:       It affects your dexterity (+2).
   rF:        It protects you from fire.
Jewellery
 o - a +6 ring of dexterity (left hand)
 t - a ring of flight (right hand)
 U - an amulet of guardian spirit (around neck)
 W - a ring of ice
Wands
 u - a wand of mindburst (12)
 N - a wand of paralysis (3)
 Z - a wand of digging (5)
Scrolls
 c - 3 scrolls of enchant armour
 e - 2 scrolls of enchant weapon
 f - 3 scrolls of noise
 j - 4 scrolls of blinking
 k - 2 scrolls of acquirement
 m - 2 scrolls of immolation {unknown}
 r - 7 scrolls of teleportation
 v - 3 scrolls of fog
 y - a scroll of magic mapping
 z - a scroll of brand weapon {unknown}
 B - 2 scrolls of vulnerability {unknown}
 E - 2 scrolls of fear {unknown}
 L - 2 scrolls of summoning {unknown}
 P - 3 scrolls of amnesia {unknown}
Potions
 l - a potion of ambrosia
 n - a potion of resistance {unknown}
 q - a potion of berserk rage
 s - 2 potions of heal wounds
 w - a potion of mutation
 D - 2 potions of attraction
 F - a potion of degeneration
 G - 2 potions of cancellation
 J - a potion of flight
 T - a potion of magic {unknown}
 V - a potion of brilliance
 Y - a potion of invisibility


   Skills:
 - Level 2.6 Fighting
 + Level 14.0 Axes
 - Level 2.4 Armour
 - Level 1.3 Dodging


You had 9 spell levels left.
You didn't know any spells.
Your spell library was empty.

Dungeon Overview and Level Annotations

Branches:
Dungeon (10/15)            Temple (0/1) D:4            Lair (0/5) D:8
    Orc (0/2) D:9         Ossuary (visited)          Bailey (1/1)

Altars:
Ashenzari
Elyvilon
Okawaru
Qazlal
Xom

Shops:
D:7 (   D:9 *


Innate Abilities, Weirdness & Mutations

You are completely covered in rugged brown scales. (AC +3, +7% HP)
Armour fits poorly on your strangely shaped body.
You have a long armoured tail.
You roll when moving toward enemies. (Rampage)
Your long tongue fully drains potion bottles. (2x potion effects)
Your tongue gives you trouble enunciating. (1.5x scroll delay)


Message History

* * * LOW HITPOINT WARNING * * *
The gnoll bouda calls upon its god to heal the gnoll bouda.
The gnoll bouda is healed somewhat.
You slice the gnoll bouda!!
You kill the gnoll bouda!
Trog accepts your kill.
You slash the gnoll bouda!
The gnoll sergeant hits you from afar with a +0 glaive.
* * * LOW HITPOINT WARNING * * *
The gnoll bouda utters an invocation to its god.
The gnoll bouda is healed somewhat.
You closely miss the gnoll bouda.
The gnoll bouda is severely wounded.
The gnoll bouda barely misses you. The gnoll sergeant barely misses you.
You slash the gnoll bouda!
You kill the gnoll bouda!
Trog accepts your kill. The gnoll bouda barely misses you.
You roll towards the gnoll sergeant!
You closely miss the gnoll sergeant. You tail-slap the gnoll sergeant.
The gnoll sergeant is moderately wounded.
The gnoll sergeant barely misses you.
You hit the gnoll sergeant.
The gnoll sergeant is moderately wounded.
The gnoll sergeant hits you with a +0 glaive.
* * * LOW HITPOINT WARNING * * *
The gnoll bouda hits you from afar with a +0 trident.
* * * LOW HITPOINT WARNING * * *
You barely miss the gnoll sergeant.
The gnoll sergeant is moderately wounded.
You hit the gnoll sergeant but do no damage.
The gnoll sergeant is moderately wounded.
The gnoll sergeant hits you with a +0 glaive.
* * * LOW HITPOINT WARNING * * *
The gnoll bouda hits you from afar with a +0 trident!
* * * LOW HITPOINT WARNING * * *
You slash the gnoll sergeant!
The gnoll sergeant is severely wounded.
The gnoll sergeant hits you with a +0 glaive!
You die...

..............≈≈♣
........)......≈♣
#####...#####..≈♣
#...#...##.≈♣
+...'....##≈♣
#...#.†)..#≈♣
##+##†.g.8#≈♣
##))..#≈♣
##@).#≈♣ #g..#≈♣
#...#≈♣ #...#≈♣
#...#≈♣ ....#≈♣
##+## ...8#≈♣
#...# ....#≈♣
#...# ##≈♣


You could see a gnoll sergeant (swift) and a gnoll bouda (swift).

Vanquished Creatures
  A boulder beetle (D:9)
  A troll (D:8)
  2 wyverns (D:9)
  6 yaks (D:9)
  2 steam dragons
  Grum (D:8)
  2 wargs
  7 orc warriors
  An ice beast (D:8)
  A sky beast (D:7)
  A black bear (D:6)
  4 ogres (D:9)
  7 wolves
  A centaur (D:8)
  A phantom (D:6)
  3 kobold brigands
  2 bullfrogs (D:7)
  3 scorpions
  3 gnoll sergeants
  5 wights
  A howler monkey (D:7)
  A centaur zombie (Ossuary)
  2 human zombies (Ossuary)
  3 gnoll boudas (Bailey)
  3 jellies
  6 orc priests
  8 hounds
  4 iguanas
  2 sleepcaps
  4 orc wizards
  2 mummies (Ossuary)
  14 gnolls
  13 adders
  A worm (D:4)
  2 dart slugs
  27 orcs
  7 endoplasms
  2 giant cockroaches (D:1)
  11 goblins
  7 hobgoblins
  4 jackals
  4 quokkas
  11 ball pythons
  3 bats
  7 frilled lizards
  2 goblin zombies
  9 hobgoblin zombies (Ossuary)
  A jackal zombie (Ossuary)
  12 kobolds
  11 kobold zombies (Ossuary)
  8 orc zombies (Ossuary)
  A quokka zombie (D:5)
  6 rats
  3 rat zombies (Ossuary)
  A spectral goblin (D:1)
257 creatures vanquished.

Vanquished Creatures (others)
  An orc wizard (D:8)
1 creature vanquished.

Grand Total: 258 creatures vanquished

Notes
Turn   | Place    | Note
-------+----------+-------------------------------------------
     0 | D:1      | bearlyready the Armataur Berserker began the quest for the
                  | Orb.
     0 | D:1      | Reached XP level 1. HP: 19/19 MP: 1/1
   123 | D:1      | Reached skill level 3 in Axes
   123 | D:1      | Reached XP level 2. HP: 24/26 MP: 2/2
   393 | D:1      | Found a faded altar of an unknown god.
   760 | D:1      | Reached XP level 3. HP: 32/32 MP: 3/3
   787 | D:1      | Reached ** piety under Trog
  1227 | D:2      | Reached skill level 4 in Axes
  1227 | D:2      | Reached XP level 4. HP: 39/39 MP: 4/4
  2170 | D:3      | Reached XP level 5. HP: 44/44 MP: 5/5
  2679 | D:4      | Found a shimmering altar of Xom.
  2682 | D:4      | Found a shimmering altar of Xom.
  2684 | D:4      | Found a shimmering altar of Xom.
  2684 | D:4      | Found a shimmering altar of Xom.
  2685 | D:4      | Found a shimmering altar of Xom.
  2685 | D:4      | Found a shimmering altar of Xom.
  2691 | D:4      | Reached skill level 5 in Axes
  2709 | D:4      | Reached *** piety under Trog
  3064 | D:4      | Reached XP level 6. HP: 27/53 MP: 6/6
  3445 | D:4      | Found a staircase to the Ecumenical Temple.
  3610 | D:5      | Entered Level 5 of the Dungeon
  3611 | D:5      | Found a sand-covered staircase.
  3618 | Ossuary  | Entered an ossuary
  3734 | Ossuary  | Reached skill level 6 in Axes
  3767 | Ossuary  | Reached **** piety under Trog
  4019 | D:5      | Reached XP level 7. HP: 58/59 MP: 7/7
  4027 | D:5      | Found a broken altar of Ashenzari.
  4058 | D:5      | Found an iron altar of Okawaru.
  4280 | D:5      | Reached skill level 7 in Axes
  4904 | D:6      | Reached skill level 8 in Axes
  5093 | D:6      | Identified the +6 quarterstaff of Drought {heavy, rPois
                  | MP+9 SInv}
  5113 | D:6      | Reached XP level 8. HP: 55/66 MP: 2/8
  5357 | D:6      | Identified the +5 scale mail of Subjectivity {rF+ Regen+}
  5598 | D:7      | Identified the +3 leather armour of the Eternal Fruit {rF+
                  | Dex+2}
  5615 | D:7      | Found a stormy altar of Qazlal.
  5636 | D:7      | Found a white marble altar of Elyvilon.
  5659 | D:7      | Reached skill level 9 in Axes
  5687 | D:7      | Identified the +8 rapier of Fresh Tortfeasance {spect,
                  | Str+4}
  5786 | D:7      | Found Laluob's Weapon Boutique.
  6045 | D:7      | Reached skill level 10 in Axes
  6084 | D:8      | Reached XP level 9. HP: 72/72 MP: 3/9
  6125 | D:8      | HP: 3/62 [wight/+2 halberd (5)]
  6274 | D:8      | Reached skill level 11 in Axes
  6318 | D:8      | Found a staircase to the Lair.
  6456 | D:8      | Noticed Grum
  6578 | D:9      | Reached skill level 12 in Axes
  6766 | D:8      | Reached ***** piety under Trog
  6778 | D:9      | Reached XP level 10. HP: 75/79 MP: 2/10
  6855 | D:9      | Noticed a boulder beetle
  6877 | D:9      | Killed a boulder beetle
  6878 | D:9      | Reached skill level 13 in Axes
  6954 | D:9      | Found Caom's General Store.
  6959 | D:9      | Bought a scroll of teleportation for 39 gold pieces
  6959 | D:9      | Bought a scroll of enchant armour for 97 gold pieces
  6959 | D:9      | Bought a scroll of fog for 52 gold pieces
  7173 | D:9      | Found a staircase to the Orcish Mines.
  7324 | D:8      | Killed Grum
  7828 | D:10     | Entered Level 10 of the Dungeon
  7834 | D:10     | Identified 2 scrolls of acquirement
  7886 | D:10     | Found a flagged portal.
  7899 | Bailey   | Entered a bailey
  7997 | Bailey   | Reached skill level 14 in Axes
  8008 | Bailey   | HP: 5/118 [gnoll bouda/+0 trident (8)]
  8009 | Bailey   | Slain by a gnoll sergeant

Illustrated notes

Levels and vault maps discovered:
D:1:      matt_arrival_refuge, layout_loops_cross,
          dreamdust_ecumenical_altar_drowned_temple
D:2:      layout_loops_cross, glass_columns_b
D:3:      layout_loops_ring, minmay_stone_trees_small
D:4:      layout_loops_corners, xom_redecorated, minmay_temple_entry_poolview
D:5:      layout_cave_pools, mainiacjoe_overflow_tiny_flanked,
          nicolae_overflow_crystal_walls, enter_ossuary_4,
          minmay_misc_feat_secret_circle, minmay_stone_trees_large,
          kennysheep_generic_room_5
D:6:      layout_rooms
D:7:      layout_rooms, elyvilon_altar_5, lemuel_doored_altar, serial_shops,
          shop
D:8:      layout_rooms, erik_lair_orcish_takeover, uniq_grum
D:9:      layout_basic, kennysheep_orc_monster_closet_entryway, serial_shops,
          nicolae_shop_hallway_plus
D:10:     due_megacathedral, layout_gridville, enter_bailey_5,
          mumra_transporter_accident
Bailey:   bailey_polearm_gnolls_kennysheep, bailey

Skill      XL: |  1  2  3  4  5  6  7  8  9 10 |
---------------+-------------------------------+-----
Axes           | 3 4 5 6 8 10 12 14 | 14.0
Fighting       | |  2.6
Armour         | |  2.4
Dodging        | |  1.3

Action                     |  1- 3 |  4- 6 |  7- 9 | 10-12 || total
---------------------------+-------+-------+-------+-------++-------
  Melee: Hand axe          |    89 |   273 |   368 |    94 ||   824
         Tailslap          |     7 |    38 |    63 |    22 ||   130
         Punch             |       |     2 |     2 |       ||     4
         Battleaxe         |       |       |       |    57 ||    57
 Invoke: Berserk           |       |       |     4 |     2 ||     6
  Evoke: Wand              |       |       |       |     8 ||     8
    Use: Potion            |       |       |     8 |       ||     8
         Scroll            |       |       |       |    11 ||    11
   Stab: Invisible         |       |       |     3 |       ||     3
         Paralysed         |       |       |       |    15 ||    15
 Armour: Animal skin       |    15 |       |       |       ||    15
         Scale mail        |    29 |   121 |   214 |    75 ||   439
  Dodge: Dodged            |    30 |    92 |   159 |    69 ||   350

Table legend: (Time is in decaauts)
 A = Elapsed time spent in this place.
 B = Non-inter-level travel time spent in this place.
 C = Inter-level travel time spent in this place.
 D = Time resting spent in this place.
 E = Time spent auto-exploring this place.
 F = Levels seen in this place.
 G = Mean time per level.
                   A        B        C        D        E       F      G
               +--------+--------+--------+--------+--------+-----+--------+
         Total |   7963 |   7716 |    247 |    197 |   5792 |  12 |  663.6 |
       Dungeon |   7555 |   7308 |    247 |    197 |   5591 |  10 |  755.5 |
       Ossuary |    305 |    305 |      0 |      0 |    149 |   1 |  305.0 |
        Bailey |    102 |    102 |      0 |      0 |     52 |   1 |  102.0 |
               +--------+--------+--------+--------+--------+-----+--------+

Top non-repeatable levels by time:
     D:4: 1151 daAuts
     D:9: 1062 daAuts
     D:1: 1049 daAuts
     D:5: 910 daAuts
     D:6: 738 daAuts
     D:2: 727 daAuts
     D:3: 701 daAuts
     D:8: 586 daAuts
     D:7: 552 daAuts
 Ossuary: 305 daAuts
  Bailey: 102 daAuts
    D:10: 76 daAuts
